Map: Efflorescence LE

Players

Celestin - Winner!

  • Race: Protoss Protoss
  • Spawn Location: 12:00

Hope - Winner!

  • Race: Terran Terran
  • Spawn Location: 3:00

Subwaymaker

  • Race: Protoss Protoss
  • League: Gold
  • Spawn Location: 6:00

Mesrob

  • Race: Terran Terran
  • League: Platinum
  • Spawn Location: 9:00

VOD

Have the link to the VOD?

Description

Time

  • Played on: March 16, 2019, 12:28 a.m.
  • Length: 17:32
Show
View Real Time Build Order
Export as new Build Order

Celestin Protoss - Winner!

Build Orders: Oracle Opening 

Get SALT Encoding   

  12  0:02  Probe  
  13  0:17  Pylon  
  13  0:20  Probe  
  14  0:32  Probe  
  15  0:37  Gateway  
  15  0:41  Assimilator  
  15  0:47  Probe  
  16  0:55  Pylon  
  16  1:03  Assimilator  
  16  1:06  Probe  
  17  1:14  Probe  
  18  1:26  Cybernetics Core  
  18  1:27  Probe  
  19  1:38  Probe  
  19  1:46  Probe  
  21  1:54  Probe  
  22  2:04  Probe  
  22  2:05  Stargate  
  23  2:12  Probe  
  23  2:21  Probe  
  23  2:25  Adept  
  23  2:28  Shield Battery  
  26  2:31  Pylon  
  26  2:33  Probe  
  27  2:46  Void Ray  
  31  3:18  Nexus  
  31  3:26  Probe  
  32  3:27  Oracle  
  35  3:38  Probe  
  36  3:47  Stargate  
  36  3:51  Probe  
  37  4:02  Pylon  
  37  4:14  Void Ray  
  37  4:19  Pylon  
  37  4:23  Probe  
  42  4:30  Void Ray  
  42  4:33  Probe  
  47  4:53  Probe  
  47  4:54  Probe  
  47  4:55  Stargate  
  49  5:10  Assimilator, Void Ray  
  53  5:22  Probe  
  53  5:24  Probe  
  53  5:25  Assimilator  
  55  5:28  Pylon  
  55  5:37  Shield Battery  
  55  5:39  Probe  
  55  5:40  Probe  
  55  5:41  Void Ray  
  61  5:52  Probe  
  62  6:00  Robotics Facility  
  62  6:06  Forge  
  58  6:31  Void Ray x2  
  58  6:44  Probe  
  59  6:50  Void Ray  
  59  6:51  Probe  
  54  7:03  Probe  
  43  7:11  Probe  
  43  7:15  Probe  
  43  7:23  Probe  
  43  7:27  Probe  
  44  7:30  Photon Cannon  
  44  7:35  Probe  
  41  7:49  Void Ray  
  41  7:50  Probe x2  
  47  8:02  Probe x2  
  49  8:14  Probe x2  
  51  8:25  Photon Cannon  
  51  8:26  Probe x2  
  53  8:35  Oracle  
  53  8:37  Void Ray  
  53  8:38  Probe x2  
  62  8:50  Probe x2  
  64  8:58  Void Ray  
  64  9:02  Probe x2  
  70  9:11  Probe x2  
  72  9:19  Probe  
  72  9:20  Probe  
  74  9:28  Probe  
  74  9:29  Probe  
  76  9:40  Probe  
  76  9:44  Nexus  
  77  9:45  Photon Cannon  
  77  9:53  Pylon  
  77  9:55  Stargate  
  77  9:56  Probe  
  78  10:11  Void Ray, Probe x2  
  84  10:22  Pylon  
  84  10:24  Pylon  
  84  10:36  Probe  
  84  10:37  Probe  
  84  10:40  Void Ray x2  
  94  10:48  Probe  
  95  11:09  Shield Battery  
  91  11:12  Void Ray  
  91  11:16  Pylon, Shield Battery  
  91  11:17  Probe  
  92  11:24  Fleet Beacon  
  92  11:25  Probe  
  93  11:30  Void Ray  
  93  11:31  Void Ray  
  101  11:37  Assimilator  
  105  11:40  Assimilator  
  105  11:45  Probe  
  106  11:49  Observer  
  106  11:51  Photon Cannon  
  106  11:53  Void Ray  
  107  11:57  Void Ray  
  107  12:00  Protoss Shields Level 1  
  111  12:01  Probe  
  111  12:04  Photon Cannon  
  111  12:07  Photon Cannon  
  112  12:13  Probe, Protoss Air Weapons Level 1, Tempest  
  113  12:18  Tempest  
  118  12:24  Pylon  
  118  12:25  Probe  
  118  12:26  Probe  
  125  12:38  Probe  
  125  12:42  Probe  
  127  12:49  Photon Cannon  
  127  12:53  Photon Cannon  
  127  12:55  Shield Battery  
  127  13:02  Tempest  
  132  13:06  Nexus  
  132  13:12  Pylon  
  132  13:15  Pylon  
  132  13:20  Gateway  
  132  13:26  Tempest  
  132  13:29  Void Ray, Probe  
  132  13:32  Pylon  
  142  13:36  Stargate  
  142  13:39  Tempest  
  147  13:41  Tempest  
  147  13:47  Twilight Council  
  152  14:01  Photon Cannon  
  152  14:04  Shield Battery  
  152  14:06  Pylon  
  152  14:09  Probe x2  
  154  14:15  Photon Cannon  
  154  14:27  Carrier  
  154  14:28  Void Ray  
  141  14:58  Carrier x2  
  141  14:59  Carrier  
  119  15:11  Void Ray  
  122  15:29  Void Ray, Stargate  
  134  15:52  Void Ray  
  134  15:54  Tempest  
  139  16:02  Void Ray  
  139  16:03  Void Ray x2  
  177  17:27  Pylon  
Show
View Real Time Build Order
Export as new Build Order

Hope Terran - Winner!

Build Orders:  

Get SALT Encoding   

  12  0:02  SCV  
  13  0:14  SCV  
  13  0:18  Supply Depot  
  14  0:26  SCV  
  15  0:40  SCV  
  15  0:41  Barracks  
  16  0:52  SCV  
  17  0:59  Refinery  
  17  1:04  SCV  
  18  1:17  SCV  
  19  1:29  SCV  
  20  1:33  Marine  
  20  1:35  Command Center  
  21  1:45  Orbital Command  
  21  1:55  Marine, Supply Depot  
  22  2:14  Marine  
  23  2:22  Factory  
  23  2:25  Barracks  
  23  2:32  Marine  
  24  2:44  SCV  
  25  2:56  SCV  
  25  2:57  Orbital Command  
  26  3:00  Marine  
  26  3:05  Refinery  
  27  3:09  Factory Tech Lab  
  27  3:13  Marine  
  27  3:17  Marine  
  27  3:18  SCV  
  30  3:26  SCV  
  31  3:30  SCV  
  33  3:37  Siege Tank  
  37  3:45  Barracks  
  37  3:46  Barracks  
  37  3:47  Barracks Tech Lab  
  37  3:48  Barracks Tech Lab  
  35  3:56  SCV x2  
  35  3:59  Starport  
  37  4:08  SCV  
  38  4:18  Combat Shield  
  38  4:21  Marine  
  38  4:22  Marine  
  40  4:24  SCV  
  40  4:27  Stimpack  
  40  4:28  SCV  
  42  4:39  Marine x2, Medivac  
  42  4:45  Supply Depot  
  46  4:48  Supply Depot  
  46  5:00  Engineering Bay  
  46  5:06  Marine x4, SCV  
  51  5:09  Supply Depot  
  51  5:11  Medivac  
  53  5:24  Marine x3  
  56  5:33  Marine  
  56  5:35  Siege Tank  
  60  5:39  Supply Depot  
  60  5:42  Marine x2  
  62  5:57  SCV  
  62  5:58  SCV  
  64  6:09  SCV  
  64  6:10  SCV  
  66  6:32  Marine x4  
  59  6:50  Marine x4  
  47  7:08  Marine x2  
  51  7:10  Barracks Tech Lab, Missile Turret  
  51  7:11  Barracks Reactor  
  51  7:13  Command Center  
  49  7:26  Marine x2  
  48  7:38  Missile Turret  
  48  7:40  Missile Turret  
  48  7:42  Missile Turret  
  48  7:43  Marine x2  
  50  7:47  Marauder  
  50  7:49  Marine x2  
  54  7:53  Siege Tank  
  57  8:01  Marine x2  
  57  8:04  Missile Turret  
  57  8:05  Starport Reactor  
  59  8:07  Marine x2  
  59  8:08  Marine  
  62  8:14  Sensor Tower  
  62  8:19  Marine x2  
  64  8:25  Marine x2, Orbital Command, Missile Turret  
  64  8:26  Marine  
  67  8:30  Command Center  
  67  8:37  Marine x2  
  69  8:42  Marine  
  69  8:43  Marine, Medivac x2  
  69  8:44  Marine  
  76  8:50  SCV x3  
  76  8:53  Refinery  
  76  8:54  Refinery  
  76  8:55  Marine  
  80  8:59  Terran Infantry Weapons Level 1  
  80  9:02  Engineering Bay, SCV x2, Siege Tank  
  85  9:04  Armory  
  85  9:08  SCV  
  86  9:14  Orbital Command, SCV  
  87  9:33  Marine x5  
  87  9:37  Sensor Tower, Missile Turret  
  92  9:41  Siege Tank  
  92  9:42  Missile Turret  
  95  9:50  Marine  
  95  9:51  Marine x4  
  95  9:52  SCV  
  101  9:57  Orbital Command  
  101  10:01  Barracks  
  101  10:05  Barracks  
  101  10:06  Barracks  
  101  10:07  Barracks  
  101  10:08  Marine  
  102  10:16  Marine x2, Siege Tank  
  102  10:17  Marine  
  108  10:23  Supply Depot  
  108  10:24  Supply Depot  
  108  10:29  Supply Depot  
  108  10:44  Marine, Supply Depot, SCV x4  
  108  10:46  Supply Depot  
  108  10:47  Supply Depot  
  113  10:56  SCV x3  
  116  11:10  Marine x2  
  120  11:12  Marauder x3  
  120  11:13  Barracks Reactor  
  120  11:14  Barracks Reactor  
  120  11:16  Barracks Tech Lab  
  124  11:26  Refinery  
  124  11:28  Marine x2  
  124  11:31  Medivac x2  
  124  11:32  Siege Tank  
  133  11:33  Marine, Marauder x2  
  138  11:46  Marine x2  
  140  11:51  Marauder  
  142  11:54  Marauder  
  142  11:55  Marauder  
  142  11:57  Sensor Tower  
  142  11:59  Refinery  
  142  12:01  Missile Turret  
  146  12:04  Marine x2  
  146  12:05  Terran Infantry Weapons Level 2, Terran Infantry Armor Level 1  
  148  12:12  Marine x4, Marauder  
  148  12:13  Marine  
  155  12:15  Marine  
  155  12:21  Supply Depot x4  
  155  12:22  Supply Depot  
  156  12:24  Marine x2, Marauder  
  160  12:30  Marine  
  160  12:33  Marine x4  
  160  12:34  Marine, Marauder  
  168  12:41  Supply Depot  
  168  12:42  Marine x2, Supply Depot  
  168  12:44  Supply Depot  
  170  12:46  Marauder  
  170  12:48  Marine  
  173  12:52  Marauder x2  
  173  12:55  Marauder  
  179  13:19  Starport  
  178  13:20  Starport x2  
  178  13:21  Fusion Core  
  178  13:24  Missile Turret  
  178  13:26  Missile Turret  
  178  13:50  SCV x3  
  182  14:02  SCV x3  
  184  14:14  Orbital Command  
  184  14:26  Marine x6, Marauder x3  
  184  14:27  Marauder  
  198  14:43  Marine  
  163  14:48  Marauder x2  
  163  14:49  Marine x5, Marauder x2  
  134  15:01  Marine  
  121  15:09  Marauder x2  
  121  15:11  Marauder  
  126  15:15  Marine x5, Marauder  
  133  15:30  Marauder  
  133  15:31  Marauder  
  133  15:32  Marauder, Medivac x2  
  133  15:35  Starport Tech Lab x2  
  143  15:37  Marauder, Starport Tech Lab  
  145  15:43  SCV x3  
  145  15:44  SCV  
  149  16:02  Medivac x2  
  153  16:10  Armory  
  153  16:23  Refinery  
  153  16:25  Refinery  
  153  16:26  Command Center  
  153  16:32  Medivac  
  163  17:21  Command Center  
  155  17:24  Command Center  
Show
View Real Time Build Order
Export as new Build Order

Subwaymaker Protoss 

Build Orders: Archon Immortal 

Get SALT Encoding   

  12  0:01  Probe  
  13  0:16  Probe  
  13  0:19  Pylon  
  14  0:28  Probe  
  15  0:42  Probe  
  16  0:46  Gateway  
  16  0:57  Probe  
  17  1:05  Probe  
  17  1:06  Assimilator  
  18  1:15  Probe  
  19  1:27  Probe  
  19  1:29  Gateway  
  20  1:34  Pylon  
  20  1:37  Cybernetics Core, Probe  
  21  1:42  Assimilator  
  21  1:45  Probe  
  21  1:52  Zealot  
  24  2:25  Warp Gate  
  24  2:29  Stalker  
  26  2:31  Nexus  
  26  2:32  Sentry  
  26  2:33  Pylon  
  28  2:38  Probe  
  29  2:46  Probe  
  30  2:54  Probe  
  31  2:59  Pylon  
  31  3:05  Probe  
  32  3:17  Probe  
  33  3:23  Twilight Council  
  33  3:28  Robotics Facility  
  33  3:29  Probe  
  34  3:38  Zealot  
  34  3:40  Probe  
  38  3:41  Sentry, Probe  
  40  3:48  Probe  
  40  3:53  Probe  
  42  4:00  Pylon  
  42  4:04  Charge  
  44  4:10  Probe  
  44  4:14  Probe  
  44  4:18  Probe  
  44  4:19  Assimilator  
  45  4:24  Assimilator  
  45  4:26  Pylon, Probe  
  46  4:35  Dark Shrine  
  46  4:36  Immortal  
  50  4:52  Probe x2  
  52  4:53  Gateway  
  52  4:54  Gateway  
  52  5:02  Zealot x2  
  56  5:07  Immortal  
  56  5:21  Probe  
  60  5:22  Robotics Facility  
  60  5:26  Gateway  
  61  5:29  Probe  
  61  5:31  Probe  
  63  5:39  Probe  
  64  5:43  Probe  
  64  5:46  Observer  
  64  5:48  Dark Templar  
  68  5:52  Zealot x3  
  68  5:55  Probe  
  75  6:23  Pylon  
  75  6:28  Stalker  
  75  6:41  Immortal  
  72  6:49  Zealot x3  
  72  6:50  Zealot  
  72  7:03  Stalker  
  74  7:12  Stalker x4  
  78  7:39  Stalker  
  78  7:40  Stalker x4  
  86  8:17  Pylon  
  86  8:21  Pylon  
  86  8:35  Immortal  
  86  8:36  Pylon  
  86  8:38  Pylon, Immortal  
  86  8:41  Dark Templar x4  
  102  8:54  Archon x2  
  102  9:06  Gateway  
  102  9:07  Gateway  
  102  9:10  Gateway  
  102  9:11  Gateway  
  102  9:15  Immortal x2  
  102  9:19  Pylon  
  102  9:22  Pylon  
  102  9:26  Pylon  
  110  9:33  Stalker x4  
  118  9:45  Pylon  
  118  9:46  Pylon  
  118  9:53  Probe x2  
  120  10:05  Probe x2, Nexus  
  122  10:07  Dark Templar x2, Pylon  
  122  10:09  Pylon  
  126  10:17  Templar Archives  
  126  10:24  Probe  
  126  10:25  Probe  
  128  10:32  Probe  
  128  10:33  Probe  
  128  10:41  Probe  
  128  10:42  Probe  
  130  10:43  Assimilator  
  130  10:48  Assimilator  
  130  10:49  Pylon  
  132  10:54  Shield Battery, Forge, Probe  
  132  10:56  Blink  
  133  10:57  Pylon  
  133  10:59  Archon  
  133  11:20  Probe x2  
  133  11:21  Probe  
  133  11:24  Protoss Ground Weapons Level 1  
  136  11:31  High Templar x5  
  136  11:32  Probe x2  
  148  11:33  Dark Templar  
  148  11:38  Zealot x3  
  156  11:53  Archon x3  
  156  12:19  High Templar x6  
  156  12:20  High Templar x3  
  174  12:31  Archon x2  
  174  12:32  Archon x2  
  174  12:49  Gateway  
  174  12:50  Gateway  
  174  12:51  Gateway  
  174  12:53  Pylon  
  174  13:01  High Templar x6  
  174  13:02  High Templar  
  174  13:03  Pylon  
  174  13:04  Nexus  
  188  13:07  Assimilator  
  188  13:08  Pylon, Assimilator  
  188  13:09  Archon  
  188  13:14  Archon x3, Psionic Storm  
  188  13:18  High Templar  
  190  13:23  Immortal  
  190  13:26  Immortal  
  198  13:33  Archon  
  198  14:04  Forge  
  198  14:17  Zealot  
  151  14:49  High Templar x3  
  151  14:50  High Templar x5  
  68  15:11  Zealot  
  64  15:22  Zealot x5  
  64  15:23  Zealot x3  
  72  15:37  Zealot x3  
  72  15:38  Zealot x2  
  77  15:50  Archon  
  77  15:51  Archon  
  77  15:53  High Templar x3  
  77  15:54  High Templar  
  56  16:41  High Templar  
  56  16:42  Zealot x2  
  56  16:43  Zealot x6  
Show
View Real Time Build Order
Export as new Build Order

Mesrob Terran 

Build Orders: Banshee Rush 

Get SALT Encoding   

  12  0:00  SCV  
  13  0:17  Supply Depot  
  13  0:22  SCV  
  14  0:39  Barracks  
  14  0:40  SCV  
  15  0:44  Refinery  
  15  0:55  SCV  
  16  1:07  SCV  
  17  1:20  SCV  
  18  1:27  Marine  
  19  1:37  Command Center  
  19  1:48  Orbital Command  
  19  2:03  Factory  
  19  2:12  Barracks Tech Lab  
  19  2:21  SCV  
  20  2:34  SCV  
  20  2:35  Engineering Bay  
  21  2:45  Barracks Reactor  
  21  2:52  Supply Depot  
  21  2:53  Starport  
  21  3:00  Factory Tech Lab  
  21  3:06  Supply Depot  
  21  3:08  Refinery, SCV  
  23  3:21  Orbital Command  
  23  3:23  SCV  
  23  3:29  Supply Depot  
  23  3:35  Cloaking Field  
  23  3:52  SCV  
  23  3:53  Refinery  
  23  3:54  SCV  
  25  3:57  Refinery  
  25  3:59  Banshee  
  28  4:04  SCV  
  28  4:06  SCV  
  30  4:16  SCV  
  31  4:20  Marine x2  
  31  4:23  Siege Tank  
  36  4:28  SCV  
  36  4:29  Barracks  
  36  4:30  SCV  
  38  4:45  Banshee  
  41  4:58  Siege Tank  
  41  4:59  Marine  
  45  5:00  Marine  
  46  5:14  Missile Turret  
  46  5:19  Command Center  
  46  5:23  Missile Turret  
  46  5:25  SCV  
  48  5:28  SCV  
  48  5:34  Barracks Tech Lab  
  48  5:37  Missile Turret, SCV  
  49  5:47  Siege Tank  
  49  5:49  Marine x2  
  54  5:52  Medivac  
  56  5:57  Supply Depot  
  56  6:14  SCV  
  56  6:15  SCV  
  56  6:17  Supply Depot  
  52  6:26  SCV  
  52  6:27  SCV  
  54  6:38  SCV  
  55  6:43  Marine  
  55  6:44  Marine  
  55  6:46  Viking  
  50  6:58  Marine  
  44  7:16  Marine  
  42  7:28  Barracks  
  37  7:30  Barracks  
  37  7:33  Barracks Reactor  
  37  7:34  Marine  
  31  7:55  Viking  
  33  8:15  Engineering Bay  
  33  8:17  Marine x2  
  35  8:20  Marine x3  
  38  8:35  Marine x2  
  38  8:38  Marine  
  38  8:40  Barracks Tech Lab  
  41  8:46  Command Center, Armory  
  41  8:48  Armory  
  41  8:54  Sensor Tower  
  41  8:56  Factory Tech Lab  
  41  9:04  Fusion Core  
  41  9:09  SCV x2  
  43  9:19  Barracks Reactor x2  
  43  9:21  SCV x2  
  43  9:22  Siege Tank  
  48  9:26  Marine  
  48  9:29  Combat Shield  
  49  9:33  SCV x2  
  51  9:44  Supply Depot  
  51  9:45  SCV  
  52  9:46  SCV  
  52  9:51  Terran Vehicle Weapons Level 1  
  53  9:53  Terran Vehicle And Ship Armor Level 1  
  53  9:55  Terran Infantry Weapons Level 1, Siege Tank  
  53  9:57  Marine x4, SCV  
  53  9:58  SCV  
  53  9:59  Marine  
  63  10:07  Planetary Fortress, Supply Depot  
  63  10:09  SCV  
  63  10:10  SCV  
  65  10:15  Refinery  
  65  10:21  SCV  
  66  10:29  Marine x7  
  66  10:31  Supply Depot  
  66  10:33  SCV  
  74  10:37  Siege Tank  
  77  10:44  SCV  
  78  10:55  Supply Depot  
  78  11:13  Command Center  
  78  11:19  Marine, Supply Depot  
  78  11:20  Marine x6  
  85  11:37  Marine  
  86  11:40  SCV  
  86  11:41  SCV  
  88  11:47  Supply Depot  
  88  11:52  SCV  
  88  11:53  SCV  
  90  12:04  SCV  
  90  12:05  Command Center, SCV  
  92  12:11  Supply Depot  
  92  12:14  Battlecruiser  
  98  12:16  SCV  
  98  12:17  SCV  
  100  12:23  Marine x7  
  100  12:27  Siege Tank  
  100  12:29  SCV x2  
  112  12:32  Supply Depot  
  112  12:35  Supply Depot  
  112  12:40  Marine  
  112  12:41  SCV x2  
  115  12:46  Terran Vehicle Weapons Level 2  
  115  12:52  Marine  
  115  12:53  Marine x3, SCV x2  
  115  12:54  Supply Depot  
  115  12:55  Marine  
  115  12:56  Marine  
  115  12:58  Supply Depot  
  123  13:12  Terran Infantry Armor Level 1  
  123  13:15  Marine x5  
  123  13:18  Battlecruiser  
  123  13:19  Siege Tank  
  137  13:20  Supply Depot  
  137  13:22  Marine x2  
  138  13:27  Terran Vehicle And Ship Armor Level 2  
  138  13:33  Marine x3  
  141  13:43  Marine  
  141  13:44  Marine x3, Supply Depot  
  145  13:50  Marine  
  145  13:51  Marine x2  
  148  14:01  Marine  
  148  14:02  Marine x3  
  152  14:08  Marine  
  152  14:09  Marine  
  154  14:19  Marine x2  
  154  14:20  Marine x3  
  158  14:25  Planetary Fortress  
  158  14:26  Marine x2  
  158  14:28  SCV x2  
  162  14:37  Marine x5  
  167  14:40  SCV x2  
  167  14:44  Marine  
  164  14:49  Marine  
  164  14:52  SCV x2  
  131  14:54  Marine  
  131  14:55  Marine x4  
  104  15:02  Marine  
  104  15:04  SCV x2  
  104  15:06  Terran Infantry Weapons Level 2  
  85  15:13  Siege Tank  
  75  15:15  Battlecruiser  
  73  15:49  Refinery  
  73  15:53  Refinery  
  73  16:00  Command Center  
  73  16:03  Marine x7  
  80  16:07  Thor  
  86  16:19  Battlecruiser  
  86  16:20  Marine  
  86  16:21  Marine x6  
  99  16:29  Factory  
  99  16:30  Factory  
  99  16:34  Factory  
  99  16:36  Factory  
  99  16:38  Marine  
  99  16:39  Marine x6  
  87  16:56  Marine  
  87  16:57  Marine x6  
Tags
 
Add a new tag
Caveats
  • Supply blocks, unpowered buildings, or Contaminate may cause inaccurate times.
  • Supply counts are checked every 10 seconds.